 Dungeon Crawl Stone Soup version 0.28.0-1-gb440e238dd (webtiles) character file.

Game seed: 8032766809681763972

51 Ablot the Grasshopper (level 3, -2/31 HPs)
             Began as a Gnoll Warper on Feb 26, 2022.
             Slain by a gnoll (8 damage)
             ... on level 2 of the Dungeon.
             The game lasted 00:01:12 (1494 turns).

Ablot the Grasshopper (Gnoll Warper)                Turns: 1494, Time: 00:01:13

Health: -2/31      AC:  3    Str: 12    XL:     3   Next: 83%
Magic:  9/9        EV: 12    Int: 12    God:
Gold:   21         SH:  0    Dex: 11    Spells: 10/12 levels left

rFire   . . .      SeeInvis .   a - +0 spear
rCold   . . .      Faith    .   (no shield)
rNeg    . . .      Spirit   .   b - +0 leather armour
rPois   .          Reflect  .   (no helmet)
rElec   .          Harm     .   (no cloak)
rCorr   .          Rampage  .   (no gloves)
Will    .....                   (no boots)
Stlth   +.........              (no amulet)
HPRegen 0.10/turn               (no ring)
MPRegen 0.11/turn               (no ring)

@: no status effects
A: fangs 1, strong nose, distributed training
a: no special abilities


You were on level 2 of the Dungeon.
You visited 1 branch of the dungeon, and saw 2 of its levels.

You collected 21 gold pieces.

Inventory:

Hand Weapons
 a - a +0 spear (weapon)
Missiles
 d - 5 boomerangs of dispersal
 f - 42 arrows
 i - 17 stones (quivered)
Armour
 b - a +0 leather armour (worn)
Scrolls
 c - a scroll of blinking
 g - 2 scrolls of identify {unknown}
 h - a scroll of magic mapping {unknown}
Potions
 e - a potion of might {unknown}


   Skills:
 + Level 4.6 Fighting
 + Level 1.0 Short Blades
 + Level 1.0 Long Blades
 + Level 1.0 Axes
 + Level 1.0 Maces & Flails
 + Level 4.6 Polearms
 + Level 1.0 Staves
 + Level 1.0 Slings
 + Level 1.0 Bows
 + Level 1.0 Crossbows
 + Level 2.6 Throwing
 + Level 2.6 Armour
 + Level 4.6 Dodging
 + Level 1.0 Stealth
 + Level 1.0 Shields
 + Level 1.0 Unarmed Combat
 + Level 5.0 Spellcasting
 + Level 0.7 Conjurations
 + Level 0.7 Hexes
 + Level 0.7 Summonings
 + Level 0.7 Necromancy
 + Level 5.4 Translocations
 + Level 0.7 Transmutations
 + Level 0.7 Fire Magic
 + Level 0.7 Ice Magic
 + Level 0.7 Air Magic
 + Level 0.7 Earth Magic
 + Level 0.7 Poison Magic
 + Level 1.0 Invocations
 + Level 1.0 Evocations


You had 10 spell levels left.
You knew the following spells:

 Your Spells              Type           Power      Damage    Failure   Level
a - Blink                 Tloc           32%        N/A       4%          2

Your spell library contained the following spells:

 Spells                   Type           Power      Damage    Failure   Level
 Gell's Gravitas          Tloc           16%        N/A       9%          3
 Lesser Beckoning         Tloc           16%        N/A       9%          3
 Teleport Other           Tloc           16%        N/A       9%          3
 Manifold Assault         Tloc           16%        N/A       58%         5


Dungeon Overview and Level Annotations

Branches:
Dungeon (2/15)

Altars:


Innate Abilities, Weirdness & Mutations

You have very sharp teeth.
Your uncanny sense of smell can sniff out nearby items.
Your experience applies equally to all skills.


Message History

You reach to attack!
You hit the gnoll but do no damage.
The gnoll is lightly wounded.
The gnoll hits you from afar with a +0 halberd!
You reach to attack!
You closely miss the gnoll.
The gnoll is lightly wounded.
You reach to attack!
You hit the gnoll.
The gnoll is moderately wounded.
The gnoll hits you but does no damage.
You reach to attack!
You hit the gnoll but do no damage.
The gnoll is moderately wounded.
The gnoll barely misses you.
You reach to attack!
You hit the gnoll.
The gnoll is heavily wounded.
The gnoll hits you from afar with a +0 halberd!
* * * LOW HITPOINT WARNING * * *
You are too injured to fight recklessly!
You are too injured to fight recklessly!
You are too injured to fight recklessly!
You are too injured to fight recklessly!
You are too injured to fight recklessly!
Reach: a) +0 spear
Press: ? - help, Dir - move target, f/p - gnoll
Aim: a gnoll, wielding a +0 halberd (heavily wounded, about 34% to evade your +0 spear)
You reach to attack!
You closely miss the gnoll.
The gnoll is heavily wounded.
The gnoll closely misses you.
Unknown command.
Reach: a) +0 spear
Press: ? - help, Dir - move target, f/p - gnoll
Aim: a gnoll, wielding a +0 halberd (heavily wounded, about 34% to evade your +0 spear)
You reach to attack!
You hit the gnoll.
The gnoll is heavily wounded.
The gnoll barely misses you.
Reach: a) +0 spear
Press: ? - help, Dir - move target, f/p - gnoll
Aim: a gnoll, wielding a +0 halberd (heavily wounded, about 34% to evade your +0 spear)
You reach to attack!
You closely miss the gnoll.
The gnoll is heavily wounded.
The gnoll hits you from afar with a +0 halberd!
You die...

#### ... .. ∆ ∆
##.## ∆ #...#
#..@#
...............
.....g.....#...
#...(.#.##.#
#.....#.# .#
#.(...... .
..... ... .
(.... ... ..


You could see a gnoll.

Vanquished Creatures
  3 gnolls (D:1)
  A dart slug (D:1)
  5 ball pythons (D:1)
  An endoplasm (D:1)
  2 goblins (D:1)
  3 hobgoblins (D:1)
  A quokka (D:1)
  A bat (D:1)
  A frilled lizard (D:1)
  A kobold (D:1)
  3 rats (D:1)
22 creatures vanquished.

Notes
Turn   | Place    | Note
-------+----------+-------------------------------------------
     0 | D:1      | Ablot the Gnoll Warper began the quest for the Orb.
     0 | D:1      | Reached XP level 1. HP: 20/20 MP: 6/6
   228 | D:1      | Found a faded altar of an unknown god.
   242 | D:1      | Reached XP level 2. HP: 26/26 MP: 7/7
   275 | D:1      | Learned a level 2 spell: Blink
   837 | D:1      | Reached skill level 5 in Spellcasting
   837 | D:1      | Reached XP level 3. HP: 6/31 MP: 7/9
  1093 | D:1      | Reached skill level 1 in Invocations
  1194 | D:1      | Reached skill level 1 in Short Blades
  1194 | D:1      | Reached skill level 1 in Long Blades
  1194 | D:1      | Reached skill level 1 in Axes
  1194 | D:1      | Reached skill level 1 in Maces & Flails
  1194 | D:1      | Reached skill level 1 in Staves
  1194 | D:1      | Reached skill level 1 in Slings
  1194 | D:1      | Reached skill level 1 in Bows
  1194 | D:1      | Reached skill level 1 in Crossbows
  1194 | D:1      | Reached skill level 1 in Stealth
  1194 | D:1      | Reached skill level 1 in Shields
  1194 | D:1      | Reached skill level 1 in Unarmed Combat
  1194 | D:1      | Reached skill level 1 in Evocations
  1494 | D:2      | Slain by a gnoll

Illustrated notes

Levels and vault maps discovered:
D:1:      dpeg_arrival_lava_altar, layout_loops_cross,
          hellmonk_ecumenical_altar_heavens_door
D:2:      layout_basic, serial_shops, shop_scrolls

Skill      XL: |  1  2  3 |
---------------+----------+-----
Spellcasting   | 5 |  5.0
Invocations    | 1 |  1.0
Short Blades   | 1 |  1.0
Long Blades    | 1 |  1.0
Axes           | 1 |  1.0
Maces & Flails | 1 |  1.0
Staves         | 1 |  1.0
Slings         | 1 |  1.0
Bows           | 1 |  1.0
Crossbows      | 1 |  1.0
Stealth        | 1 |  1.0
Shields        | 1 |  1.0
Unarmed Combat | 1 |  1.0
Evocations     | 1 |  1.0
Fighting       | |  4.6
Polearms       | |  4.6
Throwing       | |  2.6
Armour         | |  2.6
Dodging        | |  4.6
Conjurations   | |  0.7
Hexes          | |  0.7
Summonings     | |  0.7
Necromancy     | |  0.7
Translocations | |  5.4
Transmutations | |  0.7
Fire Magic     | |  0.7
Ice Magic      | |  0.7
Air Magic      | |  0.7
Earth Magic    | |  0.7
Poison Magic   | |  0.7

Action                   || total
-------------------------++-------
Melee: Spear             ||    88
       Bite              ||     5
       Punch             ||     1
Throw: Stone             ||     4
Armor: Leather armour    ||    11
Dodge: Dodged            ||    29
